 Dungeon Crawl Stone Soup version 0.17-a0-1831-gaadb308 (webtiles) character file.

347 kip the Shield-Bearer (level 6, -15/55 HPs)
             Began as a Minotaur Fighter on Sept 14, 2015.
             Was a Follower of Okawaru.
             Demolished by an ogre
             ... wielding a +0 giant club
              (21 damage)
             ... on level 4 of the Dungeon.
             The game lasted 00:16:34 (3360 turns).

kip the Shield-Bearer (Minotaur Fighter)            Turns: 3360, Time: 00:16:35

Health: -15/55     AC: 11    Str: 23    XL:     6   Next: 33%
Magic:  3/5        EV: 12    Int:  5    God:    Okawaru [*.....]
Gold:   209        SH: 12    Dex:  9    Spells: 0 memorised, 5 levels left

rFire  . . .     SeeInvis .     a - +0 flail
rCold  . . .     Clarity  .     d - +3 scale mail
rNeg   . . .     SustAt   .     c - +0 shield
rPois  .         Gourm    .     (helmet restricted)
rElec  .         Spirit   .     (no cloak)
rCorr  .         Warding  .     (no gloves)
rMut   .         Stasis   .     (no boots)
MR     .....                    (no amulet)
Stlth  +.........               (no ring)
                                (no ring)

@: heroism, not resistant to hostile enchantments, very unstealthy
A: retaliatory headbutt, horns 2
a: Heroism, Renounce Religion


You were on level 4 of the Dungeon.
You worshipped Okawaru.
Okawaru was aware of your devotion.
You were not hungry.

You visited 1 branch of the dungeon, and saw 4 of its levels.

You collected 209 gold pieces.

Inventory:

Hand weapons
 a - a +0 flail (weapon)
Armour
 b - a +0 scale mail
 c - a +0 shield (worn)
 d - a +3 scale mail (worn)
 m - a +0 ring mail
Magical devices
 o - a wand of magic darts (27)
Scrolls
 e - a scroll of fear {unknown}
 g - 3 scrolls of fog {unknown}
 j - 4 scrolls of identify {unknown}
 k - 3 scrolls of remove curse {unknown}
 l - a scroll of amnesia {unknown}
 q - a scroll of teleportation {unknown}
Potions
 f - 2 potions of curing {unknown}
 h - a potion of lignification {unknown}
 n - a potion of heal wounds {unknown}
 r - 2 potions of degeneration {unknown}
 t - a potion of poison {unknown}
Comestibles
 i - a slice of pizza
 p - a meat ration


   Skills:
 + Level 4.9(9.9) Fighting
 * Level 3.6(8.6) Maces & Flails
 + Level 4.8(9.8) Armour
 + Level 2.6(7.6) Dodging
 + Level 0.5(5.5) Stealth
 + Level 5.7(10.7) Shields


You had 5 spell levels left.
You didn't know any spells.

Dungeon Overview and Level Annotations

Branches:
Dungeon (4/15)
 Temple: D:4-7

Altars:
Cheibriados
Dithmenos
Elyvilon
Okawaru
Trog
Vehumet
Yredelemnul


Innate Abilities, Weirdness & Mutations

You reflexively headbutt those who attack you in melee.
You have a pair of horns on your head.


Message History

The ogre is moderately wounded.
The ogre hits you with a giant club!
You hit the ogre.
The ogre is heavily wounded.
You block the ogre's attack.
You hit the ogre but do no damage.
The ogre is heavily wounded.
The ogre hits you with a giant club!! The ogre hits you with a giant club!!
* * * LOW HITPOINT WARNING * * *
Use which ability?
You gain the combat prowess of a mighty hero.
You feel slightly more hungry. You block the ogre's attack.
You hit the ogre but do no damage. You headbutt the ogre.
The ogre is heavily wounded.
You block the ogre's attack.
You barely miss the ogre.
The ogre is heavily wounded.
The ogre hits you with a giant club!!
You die...

###..................
.....#..#..#.........
....###...###........
...#..#..#..##.#...
.... ##...###.###.#
##.## ##.####.# .#
##...###.....#(###.##
#..#..#..#...#......###
#.###...###..@O........
#..#.....#..##.......##
##...#.#...###.......#
##..#.#.### #####.#...
##.#.#.# .# ##
..#.#.#### # ###.#<...#
#.#.##.# #.#[.#.###


You could see an ogre.

Vanquished Creatures
  An ice beast (D:4)
  A hound (D:4)
  Jessica (D:2)
  Terence (D:3)
  Natasha (thrice) (D:3)
  4 gnolls
  4 adders
  A worm (D:2)
  An adder skeleton (D:4)
  9 orcs
  A ball python (D:2)
  7 goblins
  7 hobgoblins
  A quokka (D:3)
  7 bats
  4 giant cockroaches
  2 giant geckos
  4 giant newts
  4 kobolds (D:1)
  7 rats
70 creatures vanquished.

Vanquished Creatures (others)
  A wizard (D:4)
1 creature vanquished.

Grand Total: 71 creatures vanquished

Notes
Turn   | Place    | Note
--------------------------------------------------------------
     0 | D:1      | kip the Minotaur Fighter began the quest for the Orb.
     0 | D:1      | Reached XP level 1. HP: 19/19 MP: 0/0
   124 | D:1      | Reached XP level 2. HP: 25/27 MP: 1/1
   229 | D:1      | Reached skill level 4 in Armour
   860 | D:2      | Noticed Jessica
   872 | D:2      | Killed Jessica
   872 | D:2      | Reached XP level 3. HP: 24/33 MP: 2/2
  1098 | D:2      | Found a bloodstained altar of Trog.
  1100 | D:2      | Found a basalt altar of Yredelemnul.
  1100 | D:2      | Found a snail-covered altar of Cheibriados.
  1100 | D:2      | Found a white marble altar of Elyvilon.
  1101 | D:2      | Found a shadowy altar of Dithmenos.
  1102 | D:2      | Found an iron altar of Okawaru.
  1103 | D:2      | Found a radiant altar of Vehumet.
  1138 | D:2      | Became a worshipper of Warmaster Okawaru
  1378 | D:2      | Reached XP level 4. HP: 38/40 MP: 3/3
  1984 | D:3      | Reached skill level 5 in Shields
  2204 | D:3      | Noticed Natasha
  2213 | D:3      | Killed Natasha
  2213 | D:3      | Reached skill level 1 in Dodging
  2213 | D:3      | Reached XP level 5. HP: 17/47 MP: 4/4
  2453 | D:3      | Noticed Natasha
  2463 | D:3      | Killed Natasha
  2622 | D:3      | Noticed Terence
  2629 | D:3      | Killed Terence
  3067 | D:3      | Noticed Natasha
  3072 | D:3      | Killed Natasha
  3127 | D:4      | Noticed an ice beast
  3152 | D:4      | Killed an ice beast
  3152 | D:4      | Acquired Okawaru's first power
  3152 | D:4      | Reached XP level 6. HP: 55/55 MP: 5/5
  3305 | D:4      | Found a bloodstained altar of Trog.
  3307 | D:4      | Noticed a wizard
  3312 | D:4      | Killed a wizard
  3347 | D:4      | Noticed an ogre
  3360 | D:4      | Demolished by an ogre

Vault maps used:
D:1:      scummos_arrival_forest
D:2:      grunt_temple_overflow_open, minmay_misc_feat_room,
          minmay_misc_feat_diagonals, uniq_jessica
D:3:      grunt_decor_mini_mirrors, uniq_natasha, uniq_terence
D:4:      first_bread, minmay_strange_pillars, trog_wizard

Action                   |  1- 3 |  4- 6 || total
-------------------------+-------+-------++-------
Melee: Flail             |    80 |   121 ||   201
Invok: Heroism           |       |     2 ||     2
  Use: Potion            |       |     2 ||     2
  Eat: Bread ration      |     1 |       ||     1
       Meat ration       |       |     1 ||     1
